 Dungeon Crawl Stone Soup version 0.28-a0-726-g4a9143789a (webtiles) character file.

Game seed: 16287128219003509373

0 spiderkeys the Skirmisher (level 1, -6/14 HPs)
             Began as a Kobold Abyssal Knight on Oct 28, 2021.
             Was a Follower of Lugonu.
             Mangled by a spatial maelstrom (12 damage)
             ... on level 2 of the Abyss.
             The game lasted 00:00:11 (100 turns).

spiderkeys the Skirmisher (Kobold Abyssal Knight)    Turns: 100, Time: 00:00:12

Health: -6/14      AC:  7    Str: 10    XL:     1   Next: 0%
Magic:  2/2        EV: 14    Int: 11    God:    Lugonu [*.....]
Gold:   0          SH:  0    Dex: 15    Spells: 0/0 levels left

rFire   . . .      SeeInvis .   a - +1 short sword
rCold   . . .      Faith    .   (shield restricted)
rNeg    . . .      Spirit   .   b - +0 leather armour
rPois   .          Reflect  .   (no helmet)
rElec   .          Harm     .   (no cloak)
rCorr   .          Rampage  .   (no gloves)
Will    .....                   (no boots)
Stlth   ++........              (no amulet)
HPRegen 0.04/turn               O - +4 ring of protection
MPRegen 0.08/turn               (no ring)

@: no status effects
A: small, no large weapons, nightstalker 3
a: Renounce Religion, Depart the Abyss


You were on level 2 of the Abyss.
You worshipped Lugonu.
Lugonu was aware of your devotion.
You visited 0 branches of the dungeon, and saw 0 of its levels.
You visited the Abyss 1 time.


Innate Abilities, Weirdness & Mutations

You are small and have problems with some larger weapons.
You are completely attuned to the shadows.


   Skills:
 + Level 3.2 Fighting
 + Level 2.6 Short Blades
 + Level 0.7 Armour
 + Level 2.4 Dodging
 + Level 2.0 Invocations


You couldn't memorise any spells.
You didn't know any spells.
Your spell library was empty.

Inventory:

Hand Weapons
 a - a +1 short sword (weapon)
Armour
 b - a +0 leather armour (worn)
Jewellery
 O - a +4 ring of protection (left hand)
   (You found it on level 2 of the Abyss)

Dungeon Overview and Level Annotations

Branches:
Dungeon (0/15)

Altars:

. ## # .## . #
## .#...# .....
## ###### ....
# #..
...##.#$.##..
.....
#vv.#.'...
..#..#.#..#v@##
###
..§§v#....##
######.......#
#.......#
#v......#
..........#
######....+
##....


You could see a spatial maelstrom and 3 spatial vortices.


Message History

🤖 Initializing magus.rc ... ✅ Successfully initialized magus.rc [v1.9.10] Welcome, spiderkeys the Kobold Abyssal Knight.
They say the Orb of Zot lies within this dungeon, but they say a lot of things.
Lugonu says: Depart the Abyss and spread corruption, my servant! (use the ability menu to exit the Abyss) Press ? for a list of commands and other information.
Found a corrupted altar of Lugonu.
Found a gateway leading out of the Abyss.
Found a gateway leading deeper into the Abyss.
There is a gateway leading deeper into the Abyss here.
You plunge deeper into the Abyss.
O - a +4 ring of protection
O - a +4 ring of protection (left hand)
A spatial vortex comes into view.
A spatial vortex comes into view.
You see here a scroll labelled KAIKHL SELATEE.
As you read the scroll labelled KAIKHL SELATEE, it crumbles to dust.
It is a scroll of amnesia.
You feel forgetful for a moment.
A spatial maelstrom comes into view.
A spatial vortex comes into view.
A spatial vortex comes into view. x2
As you open the door, it creaks loudly! The spatial maelstrom hits you!
Ouch! That really hurt!
* * * LOW HITPOINT WARNING * * *
The spatial maelstrom hits you!
Ouch! That really hurt!
You die...

Action                   || total
-------------------------++-------
  Use: Scroll            ||     1

Levels and vault maps discovered:
Abyss:2:  base: Temple, evilmike_abyss_exit_3, minivault_20,
          evilmike_abyss_exit_plants

Notes
Turn   | Place    | Note
-------+----------+-------------------------------------------
     0 | Abyss:1  | spiderkeys the Kobold Abyssal Knight began the quest for
                  | the Orb.
     0 | Abyss:1  | Reached XP level 1. HP: 14/14 MP: 2/2
     0 | Abyss:1  | magus.rc [v1.9.10]
    93 | Abyss:2  | Noticed a spatial vortex
    96 | Abyss:2  | Noticed a spatial vortex
    97 | Abyss:2  | Noticed a spatial maelstrom
    99 | Abyss:2  | Noticed a spatial vortex
    99 | Abyss:2  | Noticed a spatial vortex
    99 | Abyss:2  | Noticed a spatial vortex
   100 | Abyss:2  | Mangled by a spatial maelstrom

Vanquished Creatures (others)
  A demonic plant (Abyss:2)
1 creature vanquished.

Table legend:
 A = Non-vault XP
 B = Vault XP
 C = Vault XP percentage of total XP
 D = Non-vault monster count
 E = Vault monster count
 F = Vault count percentage of total count
                 A         B        C        D         E       F
            +---------+---------+-------+---------+---------+-------
      Total |       0 |       0 |   N/A |       0 |       0 |  -nan
            +---------+---------+-------+---------+---------+-------
            +---------+---------+-------+---------+---------+-------

Illustrated notes

Table legend: (Time is in decaauts)
 A = Elapsed time spent in this place.
 B = Non-inter-level travel time spent in this place.
 C = Inter-level travel time spent in this place.
 D = Time resting spent in this place.
 E = Time spent auto-exploring this place.
 F = Levels seen in this place.
 G = Mean time per level.
                   A        B        C        D        E       F      G
               +--------+--------+--------+--------+--------+-----+--------+
         Total |     99 |     99 |      0 |      0 |     85 |   2 |   49.5 |
         Abyss |     99 |     99 |      0 |      0 |     85 |   2 |   49.5 |
               +--------+--------+--------+--------+--------+-----+--------+

Top non-repeatable levels by time:
 Abyss:2: 63 daAuts
 Abyss:1: 36 daAuts
